 Dungeon Crawl Stone Soup version 0.30.0-29-ga12c61a403 (webtiles) character file.

Game seed: 5504813162722061908

165 qw the Chopper (level 5, -1/32 HPs)
             Began as a Gargoyle Fighter on June 2, 2023.
             Killed from afar by an orc wizard (9 damage)
             ... with a puff of flame
             ... on level 3 of the Dungeon.
             The game lasted 00:00:49 (1736 turns).

qw the Chopper (Gargoyle Fighter)                   Turns: 1736, Time: 00:00:50

Health: -1/32      AC: 10    Str: 21    XL:     5   Next: 46%
Magic:  5/5        EV:  9    Int:  9    God:
Gold:   63         SH:  4    Dex:  9    Spells: 4/4 levels left

rFire   . . .        Y - +1 war axe
rCold   . . .        c - +0 buckler
rNeg    + . .        b - +0 scale mail
rPois   inf          (no helmet)
rElec   +            (no cloak)
rCorr   .            (no gloves)
SInv    .            (no boots)
Will    .....        (no amulet) Stlth
                     (no ring)
HPRegen 0.25/turn    (no ring)
MPRegen 0.09/turn

%: no passive effects
@: no status effects
A: sickness immunity, AC +4, negative energy resistance 1, electricity
resistance, torment resistance 1, petrification resistance
a: no special abilities


You were on level 3 of the Dungeon.
You visited 1 branch of the dungeon, and saw 3 of its levels.

You collected 63 gold pieces.


Innate Abilities, Weirdness & Mutations

You are immune to sickness and miasma.
Your stone body is resilient. (AC +4)
You are immune to poison.
You resist negative energy. (rN+)
You are resistant to electric shocks. (rElec)
You are resistant to unholy torment.
You are immune to petrification.


   Skills:
 + Level 3.3 Fighting
 - Level 5.0 Axes
 - Level 3.2 Armour
 - Level 3.2 Shields


You had 4 spell levels left.
You didn't know any spells.
Your spell library was empty.

Inventory:

Hand Weapons
 g - a +0 whip
 Y - a +1 war axe (weapon)
Armour
 b - a +0 scale mail (worn)
 c - a +0 buckler (worn)
 e - a +0 chain mail
Scrolls
 a - a scroll of identify
Potions
 d - a potion of might
 h - 2 potions of haste
 i - a potion of lignification

Dungeon Overview and Level Annotations

Branches:
Dungeon (3/15)

Altars:
Hepliaklqana


Message History

You hear some strange, mumbled words.
A magic dart appears from out of thin air!
The magic dart hits you.
You feel less confused.
The ball python bites you but does no damage.
The ball python constricts you. The orc hits you but does no damage.
Something hits you but does no damage. x2
You barely miss the ball python.
The ball python is heavily wounded.
You closely miss something. You closely miss the orc.
You block the ball python's attack. The ball python constricts you.
The orc hits you but does no damage.
You hear some strange, mumbled words.
A magic dart appears from out of thin air!
The magic dart hits you.
The ball python bites you but does no damage.
The ball python constricts you. The orc hits you but does no damage.
You hit the ball python.
The ball python is severely wounded.
You hit something. You slash the orc!
You kill the orc!
The ball python barely misses you. The ball python constricts you.
Something hits you. Something hits you but does no damage.
You slash the ball python!
You kill the ball python!
You hit something but do no damage.
Something hits you but does no damage. x2
You closely miss something. Something hits you.
Something hits you but does no damage.
You closely miss something.
An orc wizard appears from thin air!
Reactivating autopickup.
The orc wizard points at you and mumbles some strange words.
The magic dart hits you.
You closely miss the orc wizard.
The orc wizard is moderately wounded.
The orc wizard barely misses you.
The orc wizard points at you and mumbles some strange words.
The puff of flame hits you!
You die...

##### #...##
#....#####
..###........####
.......%..##....#####
..>...)@#...#.#.....#
......o)###...#####.##
......... ##....# #..#
....###.#. ##.#.#
##?### ..#. #.#..
o....# #...# # # ...
###......###%# .#.
#..#.......# < .
#..##....... ..####...


You could see an orc wizard.

Vanquished Creatures
  Natasha (thrice) (D:2)
  4 adders
  A dart slug (D:1)
  4 orcs (D:3)
  8 ball pythons
  5 bats
  A giant cockroach (D:2)
  3 goblins
  5 hobgoblins
  2 jackals (D:2)
  2 quokkas
  4 frilled lizards
  4 kobolds
  5 rats
51 creatures vanquished.

Notes
Turn   | Place    | Note
-------+----------+-------------------------------------------
     0 | D:1      | qw the Gargoyle Fighter began the quest for the Orb.
     0 | D:1      | Reached XP level 1. HP: 14/14 MP: 1/1
     0 | D:1      | 0 ||| qw: Version: 0.2-a-102-gdf20003
     0 | D:1      | 0 ||| qw: Game counter: 897
     0 | D:1      | 0 ||| qw: Always use a shield: true
     0 | D:1      | 0 ||| qw: God list: Okawaru
     0 | D:1      | 0 ||| qw: Allow faded altars: false
     0 | D:1      | 0 ||| qw: Do Orc after D:15 true
     0 | D:1      | 0 ||| qw: Do second Lair branch before Depths: true
     0 | D:1      | 0 ||| qw: Lair rune preference: random
     0 | D:1      | 0 ||| qw: Plans: Normal, Zot:1-4, Slime:5, God:TSO, Crypt,
                  | Tomb, Pan, Hells, Abyss, Win
     0 | D:1      | 0 ||| PLANNING D:1-11
    54 | D:1      | Reached skill level 2 in Axes
   190 | D:1      | Reached XP level 2. HP: 19/19 MP: 2/2
   699 | D:1      | 699 ||| READING 2 scrolls labelled YSTRUI CUBENGYT.
   700 | D:1      | 700 ||| READING scroll labelled TOTZEUTOQU.
   701 | D:1      | 701 ||| READING scroll labelled FUOGIO ZISETTEZE.
   702 | D:1      | 702 ||| READING scroll labelled KAEL NIDEFI.
   703 | D:1      | 703 ||| READING scroll labelled CISAQEGHUG.
   828 | D:2      | Reached skill level 3 in Axes
   831 | D:2      | 831 ||| STAIRDANCE
   859 | D:2      | Noticed Natasha
   864 | D:2      | HP: 3/19 [Natasha (7)]
   865 | D:2      | Killed Natasha
   866 | D:2      | Reached XP level 3. HP: 5/23 MP: 3/3
   866 | D:2      | Noticed Natasha
   867 | D:2      | 867 ||| Stepping ~*~*~tactically~*~*~ (hiding).
   875 | D:2      | HP: 2/23 [Natasha/magic dart (6)]
   876 | D:2      | Killed Natasha
   877 | D:2      | Reached skill level 4 in Axes
   877 | D:2      | Reached XP level 4. HP: 3/28 MP: 4/4
   933 | D:2      | Noticed Natasha
   943 | D:2      | Killed Natasha
  1029 | D:2      | 1029 ||| Stepping ~*~*~tactically~*~*~ (stealth).
  1134 | D:2      | Reached XP level 5. HP: 32/32 MP: 5/5
  1135 | D:2      | Found a hazy altar of Hepliaklqana.
  1311 | D:2      | 1311 ||| Stepping ~*~*~tactically~*~*~ (hiding).
  1312 | D:2      | 1312 ||| Stepping ~*~*~tactically~*~*~ (hiding).
  1503 | D:2      | 1503 ||| READING scroll labelled COZOTA PUMA.
  1504 | D:2      | 1504 ||| READING scroll labelled SELUFEF WAMEIDIH.
  1505 | D:2      | 1505 ||| DRINKING 2 yellow potions.
  1542 | D:2      | 1542 ||| READING 2 scrolls of identify.
  1542 | D:2      | 1542 ||| IDENTIFYING bubbling silvery potion
  1704 | D:3      | 1704 ||| Stepping ~*~*~tactically~*~*~ (stealth).
  1718 | D:3      | Reached skill level 5 in Axes
  1735 | D:3      | HP: 7/32 [orc wizard/magic dart (3)]
  1736 | D:3      | Killed from afar by an orc wizard

Levels and vault maps discovered:
D:1:      minmay_arrival_glassed_features, layout_basic
D:2:      layout_rooms, basic_altar, kennysheep_generic_room_14, uniq_natasha
D:3:      layout_rooms

Skill      XL: |  1  2  3  4  5 |
---------------+----------------+-----
Axes           | 2 3 4 5 |  5.0
Fighting       | |  3.3
Armour         | |  3.2
Shields        | |  3.2

Action                     |  1- 3 |  4- 6 || total
---------------------------+-------+-------++-------
  Melee: War axe           |    68 |    78 ||   146
    Use: Scroll            |     5 |     3 ||     8
         Potion            |       |     1 ||     1
 Armour: Scale mail        |    31 |    66 ||    97
  Dodge: Dodged            |    25 |    50 ||    75
  Block: Buckler           |    12 |    10 ||    22

Table legend:
 A = Non-vault XP
 B = Vault XP
 C = Vault XP percentage of total XP
 D = Non-vault monster count
 E = Vault monster count
 F = Vault count percentage of total count
                 A         B        C        D         E       F
            +---------+---------+-------+---------+---------+-------
      Total |     199 |      37 |  15.7 |      49 |       2 |   3.9
            +---------+---------+-------+---------+---------+-------
        D:1 |      31 |       0 |   0.0 |      19 |       0 |   0.0
        D:2 |     126 |      37 |  22.7 |      15 |       2 |  11.8
        D:3 |      42 |       0 |   0.0 |      15 |       0 |   0.0
            +---------+---------+-------+---------+---------+-------
